[Event "*** Titled Tuesday Blitz"]
[Site "Chess.com"]
[Date "2020.12.29"]
[Round "7"]
[White "gahryman"]
[Black "szachuspl"]
[Result "1-0"]
[WhiteElo "2685"]
[BlackElo "2486"]
[TimeControl "180+1"]
[EndTime "11:17:14 PST"]
[Termination "gahryman won by checkmate"]

1. e4 c5 2. Nc3 Nc6 3. Bb5 g6 4. Bxc6 bxc6 5. d3 Bg7 6. Be3 d6 7. Qd2 Nf6 8. h3 O-O 9. Nge2 Rb8 10. Rb1 Qa5 11. O-O Ba6 12. b3 Rfe8 13. Bh6 d5 14.
Bxg7 Kxg7 15. e5 Nd7 16. f4 f5 17. Qe1 e6 18. Na4 Qd8 19. c4 Kh8 20. Qf2 Qe7 21. Rbc1 Rbc8 22. Rc2 d4 23. h4 Bb7 24. Kh2 Nb6 25.
Nb2 a5 26. Rh1 Rg8 27. Ng1 a4 28. Nxa4 Nxa4 29. bxa4 Ra8 30. Nf3 h5 31. Rb1 Rxa4 32. Rcb2 Ra7 33. Qg3 Kg7 34. Rb6 Ba8 35. R1b2 Rc8 36.
Ng5 Ra3 37. Qf3 Rc7 38. Rb8 Rca7 39. Rd8 Bb7 40. Rd6 Bc8 41. Qxc6 Bd7 42. Qxc5 Kh6 43.
Rb8 Kg7 44. Rxd7 Qxd7 45. Qf8# 1-0

[Event "*** Titled Tuesday Blitz"]
[Site "Chess.com"]
[Date "2020.12.29"]
[Round "7"]
[White "NoGalloNoParty"]
[Black "Andrakhanova"]
[Result "1-0"]
[WhiteElo "2373"]
[BlackElo "2244"]
[TimeControl "180+1"]
[EndTime "11:17:14 PST"]
[Termination "NoGalloNoParty won by resignation"]

1. d4 d5 2. Nf3 c6 3. c4 e6 4. e3 Nf6 5. b3 Nbd7 6. Bd3 Bd6 7.
Bb2 O-O 8. Nbd2 h6 9. O-O Re8 10. Ne5 Qc7 11. f4 dxc4 12. bxc4 c5 13. Qf3 Rb8 14.
Qh3 a6 15. Rac1 cxd4 16. exd4 Qb6 17. Rb1 Bxe5 18. fxe5 Nxe5 19. c5 Qa5 20. dxe5 Qxd2 21. exf6 e5 22. Bf5 Bxf5 23. Qxf5 g6 24. Qh3 Kh7 25.
Kh1 h5 26. Bc1 Qc2 27. Qe3 g5 28. Qxg5 Qg6 29. Rb3 Qxg5 30. Bxg5 e4 31. Be3 Re6 32. Rb4 a5 33. Rb6 Rxb6 34. cxb6 Rd8 35. Kg1 a4 36.
Rc1 Rd3 37. Kf2 Ra3 38. Rc2 Kg6 39. Bd4 Kf5 40. Ke2 Ke6 41. Kd2 Kd5 42. Be3 Rd3+ 43. Ke2 a3 44. Rd2 Kc4 45. Rxd3 exd3+ 46. Kd2 1-0

[Event "*** Titled Tuesday Blitz"]
[Site "Chess.com"]
[Date "2020.12.29"]
[Round "7"]
[White "Yoda1992"]
[Black "Dynamikus"]
[Result "0-1"]
[WhiteElo "2498"]
[BlackElo "2731"]
[TimeControl "180+1"]
[EndTime "11:17:15 PST"]
[Termination "Dynamikus won on time"]

1. d4 Nf6 2. Bg5 d5 3. Bxf6 exf6 4. e3 Bd6 5. c4 dxc4 6. Bxc4 O-O 7. Ne2 f5 8. Nbc3 Nd7 9. O-O Nf6 10. Rc1 c6 11.
Bd3 g6 12. Ng3 h5 13. Re1 Re8 14. Qc2 Bd7 15. e4 fxe4 16. Ncxe4 Nxe4 17. Nxe4 Bf4 18.
Rcd1 Bf5 19. g3 Bh6 20. Bc4 Qe7 21. f3 Rad8 22. Kg2 Bg7 23. d5 Qb4 24. b3 b5 25.
Bd3 cxd5 26. a3 Qxa3 27. Ng5 Bxd3 28. Qxd3 Qb2+ 29. Rd2 Rxe1 30. Rxb2 Bxb2 31. Qxb5 Bf6 32. Nh3 d4 33. Qd3 Rde8 34. Nf4 R8e3 35. Qa6 Kg7 36. Qd6 Be5 37. Ne6+ fxe6 38. Qe7+ Kg8 39. Qe8+ Kh7 40. Qf7+ Bg7 41. Kh3 R3e2 42. Qxa7 d3 0-1

[Event "*** Titled Tuesday Blitz"]
[Site "Chess.com"]
[Date "2020.12.29"]
[Round "7"]
[White "Chessbard1972"]
[Black "karinachess1"]
[Result "1-0"]
[WhiteElo "2335"]
[BlackElo "2485"]
[TimeControl "180+1"]
[EndTime "11:17:16 PST"]
[Termination "Chessbard1972 won on time"]

1. e4 c5 2. Nf3 e6 3. d4 cxd4 4. Nxd4 a6 5. c4 Nf6 6. Nc3 Qc7 7. a3 Nc6 8. Be3 Ne5 9. Rc1 d6 10. Be2 Be7 11. O-O h5 12. h3 Bd7 13. f4 Ng6 14.
f5 Ne5 15. fxe6 fxe6 16. b4 Rc8 17. Qd2 Qb8 18. Qa2 Kf7 19. Rcd1 Rhe8 20. Bxh5+ g6 21. Be2 Kg7 22. c5 dxc5 23. Nxe6+ Bxe6 24. Qxe6 Rc6 25. Qa2 cxb4 26. Nd5 Nxe4 27. Bd4 Bd6 28. axb4 Ng3 29. Bd3 Qc8 30. Nf6 Rf8 31. Ne4 Nxe4 32. Bxe4 Rxf1+ 33. Rxf1 Rc4 34. Qb2 Qe6 35. Bd3 Rc8 36. Re1 Re8 37.
Bf1 Kg8 38. Kh1 Qd5 39. b5 axb5 40. Qc2 Kh7 41. Bb2 b4 42. Qe2 b3 43. Qe3 Bc5 44. Qg5 1-0

[Event "*** Titled Tuesday Blitz"]
[Site "Chess.com"]
[Date "2020.12.29"]
[Round "7"]
[White "Pantata007"]
[Black "Tekushka"]
[Result "1-0"]
[WhiteElo "2298"]
[BlackElo "2412"]
[TimeControl "180+1"]
[EndTime "11:17:17 PST"]
[Termination "Pantata007 won on time"]

1. d4 Nf6 2. c4 e6 3. Nc3 Bb4 4. e3 O-O 5. Ne2 d5 6. a3 Bd6 7. Ng3 b6 8. Bd3 dxc4 9. Bxc4 Bb7 10. O-O Nbd7 11. b4 Qe7 12. Qd3 Bxg3 13. hxg3 e5 14.
d5 a6 15. e4 b5 16. Bb3 Rfd8 17. f3 h5 18. Be3 Nh7 19. Rac1 Ndf8 20. Bc5 Qg5 21. f4 exf4 22. gxf4 Qg4 23. Bd1 Qg6 24. f5 Qg5 25. Be3 Qh4 26. Bf3 Nf6 27. Qe2 Ng4 28.
Bxg4 hxg4 29. Rf4 Re8 30. Bd4 f6 31. Rxg4 Qh6 32. Qf3 Nh7 33. Rd1 Ng5 34. Qe2 Rad8 35. Be3 Qh5 36. Bxg5 fxg5 37. e5 Qf7 38. e6 Qf6 39.
Rd3 1-0

[Event "*** Titled Tuesday Blitz"]
[Site "Chess.com"]
[Date "2020.12.29"]
[Round "7"]
[White "Rytenko_V"]
[Black "Chuchofrio1"]
[Result "1/2-1/2"]
[WhiteElo "2419"]
[BlackElo "2278"]
[TimeControl "180+1"]
[EndTime "11:17:18 PST"]
[Termination "Game drawn by repetition"]

1. d4 d5 2. Nf3 Nf6 3. Bg5 Ne4 4. Bf4 c5 5. c3 f6 6. Nbd2 g5 7. Bg3 h5 8. Bxb8 Rxb8 9. Nxe4 dxe4 10. Nd2 Bf5 11.
Qa4+ b5 12. Qxa7 cxd4 13. Qxd4 Qxd4 14. cxd4 e6 15. e3 Bb4 16. a3 Ba5 17. b4 Bc7 18. Be2 h4 19. h3 Ke7 20. Nb3 e5 21. Kd2 Rhd8 22. Rhd1 Be6 23. Kc3 Bxb3 24. Kxb3 exd4 25.
Rxd4 Rxd4 26. exd4 Bb6 27. Rd1 Ba7 28. f3 e3 29. Rd3 Kf7 30. Rxe3 Bxd4 31. Rd3 Be5 32. Rd5 Rc8 33. Rc5 Rd8 34. Bxb5 Rd2 35. Rc2 Rd1 36. a4 Rb1+ 37. Kc4 Bd6 38. Kd5 Bxb4 39. Rc7+ Kf8 40.
Ke6 Ba5 41. Rf7+ Kg8 42. Kxf6 Bd8+ 43. Kg6 Re1 44. Bc4 Re8 45. Rd7+ Kf8 46. Rf7+ Kg8 47.
Rh7+ Kf8 48. Rh8+ Ke7 49. Rh7+ Kf8 50. Rf7+ Kg8 1/2-1/2

[Event "*** Titled Tuesday Blitz"]
[Site "Chess.com"]
[Date "2020.12.29"]
[Round "7"]
[White "Roza_Idrisova"]
[Black "szefru"]
[Result "1-0"]
[WhiteElo "2167"]
[BlackElo "2183"]
[TimeControl "180+1"]
[EndTime "11:17:19 PST"]
[Termination "Roza_Idrisova won by resignation"]

1. d4 d5 2. Nf3 Nf6 3. Bg5 e6 4. c3 Be7 5. Nbd2 c5 6. e3 Nc6 7. a4 a5 8. Bb5 Bd7 9. O-O O-O 10. Re1 h6 11. Bh4 Ne4 12. Bxe7 Qxe7 13. Nxe4 dxe4 14. Nd2 f5 15. dxc5 Qxc5 16. Nb3 Qe7 17. Nd4 Nxd4 18. cxd4 Bxb5 19. axb5 b6 20. Qb3 Kh7 21. Rec1 Rfd8 22. Rc6 Rd6 23. Rac1 Rad8 24. g3 h5 25. h4 g5 26. Rc7 R8d7 27. Rxd7 Rxd7 28. hxg5 Qxg5 29. Qxe6 Re7 30. Qc8 h4 31. Rc7 hxg3 32. Rxe7+ Qxe7 33. Qxf5+ Kh6 34. fxg3 Qb4 35. Qxe4 Qe1+ 36. Kg2 Qe2+ 37. Kh3 Qf1+ 38. Kg4 Qxb5 39. d5 Qe2+ 40. Kf5 Qh5+ 41. Ke6 Qe8+ 42. Kf5 Qg6+ 43. Ke5 Qg7+ 44. Kd6 Qxb2 45.
Kd7 Qb5+ 46. Ke7 Qc5+ 47. d6 Qg5+ 48. Kd7 Qb5+ 49. Kd8 Qg5+ 50. Qe7 Qg8+ 51. Kc7 Qc4+ 52. Kxb6 Qb4+ 53. Kc6 Qc4+ 54. Kd7 Qb5+ 55. Ke6 Qc4+ 56. Kf6 Qc3+ 57. Kf7 Qg7+ 58. Ke8 Qg6+ 59. Kd8 Qg8+ 60. Kd7 a4 61. Qe6+ Qxe6+ 62. Kxe6 a3 63. d7 a2 64.
d8=Q a1=Q 65. Qf6+ Qxf6+ 66. Kxf6 Kh5 67. e4 Kg4 68. e5 1-0

[Event "*** Titled Tuesday Blitz"]
[Site "Chess.com"]
[Date "2020.12.29"]
[Round "7"]
[White "Grandelicious"]
[Black "Arseniy_Nesterov"]
[Result "1-0"]
[WhiteElo "2880"]
[BlackElo "2790"]
[TimeControl "180+1"]
[EndTime "11:17:20 PST"]
[Termination "Grandelicious won by resignation"]

1. Nf3 d5 2. g3 Nf6 3. Bg2 Bf5 4. O-O e6 5. c4 c6 6. cxd5 cxd5 7. Qb3 Qb6 8. Qxb6 axb6 9. Nc3 Nc6 10. d3 Bc5 11. a3 h6 12. Bd2 O-O 13. Nb5 e5 14. b4 Be7 15. Rfc1 Rfc8 16. Bc3 e4 17. dxe4 dxe4 18. Nfd4 Nxd4 19. Nxd4 Bg6 20. Bb2 Nd5 21. Bh3 Rd8 22. e3 Bf6 23. Rc2 Bxd4 24. Bxd4 Nxb4 25. Rc7 b5 26. axb4 Rxa1+ 27. Bxa1 Rd1+ 28. Kg2 Rxa1 29. Rxb7 Bh5 30. Rb8+ Kh7 31. Bf5+ Bg6 32. Rxb5 Bxf5 33. Rxf5 Rb1 34. Rxf7 Rxb4 35. g4 Kg6 36. Rd7 Rb5 37. Kg3 Kf6 38. Rd4 Re5 39. h4 g5 40. h5 Re6 41.
Rd7 Re5 42. Rh7 1-0

[Event "*** Titled Tuesday Blitz"]
[Site "Chess.com"]
[Date "2020.12.29"]
[Round "7"]
[White "Ariadna_Atreides"]
[Black "AlanZhang"]
[Result "1-0"]
[WhiteElo "2073"]
[BlackElo "2141"]
[TimeControl "180+1"]
[EndTime "11:17:20 PST"]
[Termination "Ariadna_Atreides won on time"]

1. d4 Nf6 2. Nf3 d5 3. Bf4 e6 4. e3 c5 5. c3 Nc6 6. Bd3 Bd6 7.
Ne5 O-O 8. Nd2 Qc7 9. Ndf3 c4 10. Bc2 b5 11. a3 Bb7 12. O-O a5 13. Qe2 Ne4 14. Nxc6 Bxf4 15. exf4 Bxc6 16. Ne5 Bb7 17. f3 Nd6 18. Qf2 f6 19. Ng4 Nf5 20. Rae1 Rae8 21. g3 h5 22. Ne3 Ne7 23. Ng2 Kf7 24. Bb1 f5 25. Nh4 Nc6 26. g4 g6 27. Qe3 Qd8 28.
Ng2 hxg4 29. fxg4 fxg4 30. Qg3 Qf6 31. Qxg4 Ne7 32. Nh4 Nf5 33. Nf3 Rh8 34. Ne5+ Kg7 35. Rf2 Rh6 36. Rg2 Reh8 37. Ree2 Nh4 38. Nd7 Qe7 39.
Rxe6 Qxd7 40. Rxg6+ Rxg6 41. Qxd7+ Kh6 42. Rxg6+ Nxg6 43. Qxb7 1-0

[Event "*** Titled Tuesday Blitz"]
[Site "Chess.com"]
[Date "2020.12.29"]
[Round "7"]
[White "BogdanDeac"]
[Black "tigra"]
[Result "0-1"]
[WhiteElo "3010"]
[BlackElo "2860"]
[TimeControl "180+1"]
[EndTime "11:17:21 PST"]
[Termination "tigra won by resignation"]

1. Nf3 d5 2. d4 Nf6 3. c4 e6 4. Bg5 Nbd7 5. Nc3 c6 6. e3 Qa5 7. Nd2 Bb4 8. Qc2 h6 9. Bf4 c5 10. a3 cxd4 11. exd4 O-O 12. Be2 b6 13. cxd5 Bxc3 14.
Qxc3 Qxc3 15. bxc3 Nxd5 16. Bd6 Nxc3 17. Bf3 Ba6 18.
Bxf8 Rxf8 19. Rc1 Nb5 20. Be2 Nb8 21. Bxb5 Bxb5 22. Nf3 Nc6 23. Kd2 Rd8 24. Ke3 Ne7 25. Rhd1 Bc6 26. Ke2 f6 27. h4 Kf7 28. Rc3 Bb5+ 29.
Ke1 Nd5 30. Rcc1 g5 31. g3 Kg6 32. Rd2 Kf5 33. Rb2 Ba4 34. Rc4 Be8 35. Kf1 Bh5 36. Kg2 Ke4 37. Nd2+ Kd3 38. hxg5 hxg5 39. Rc6 Bg4 40. Nb3 Rh8 41. Rd2+ Ke4 42. Rc1 Bf3+ 0-1

[Event "*** Titled Tuesday Blitz"]
[Site "Chess.com"]
[Date "2020.12.29"]
[Round "7"]
[White "DenLaz"]
[Black "FontVella8"]
[Result "1-0"]
[WhiteElo "2822"]
[BlackElo "2530"]
[TimeControl "180+1"]
[EndTime "11:17:21 PST"]
[Termination "DenLaz won by resignation"]

1. d4 d5 2. c4 c6 3. Nf3 Nf6 4. e3 e6 5. b3 Nbd7 6. Bb2 Bd6 7. Bd3 O-O 8. O-O b6 9. Nc3 Bb7 10. Qe2 e5 11. cxd5 cxd5 12. Nb5 Bb8 13. Nxe5 a6 14.
Nxd7 Qxd7 15. Nc3 Ne4 16. Rac1 f5 17. g3 Bd6 18. Na4 Qd8 19. Nc3 g6 20. Qd1 Qe7 21. Ne2 Rac8 22. Nf4 g5 23. Ng2 Rxc1 24. Qxc1 f4 25. f3 fxg3 26. fxe4 gxh2+ 27. Kh1 dxe4 28. Bc4+ Kg7 29. Qe1 Kg6 30. Be2 h5 31. Qd1 Rxf1+ 32. Qxf1 h4 33. Bg4 Qf6 34. Qxf6+ Kxf6 35. Ne1 Bd5 36. Nc2 Ke7 37. Ba3 Be6 38. Bxd6+ Kxd6 39. Bxe6 Kxe6 40. Kxh2 g4 41. Ne1 Kf5 42. Ng2 Kg5 43. Nf4 Kf5 44. Kg2 a5 45. a4 Kg5 46. Ne2 Kf5 47. Nc3 g3 48. Kh3 g2 49. Kxg2 1-0

[Event "*** Titled Tuesday Blitz"]
[Site "Chess.com"]
[Date "2020.12.29"]
[Round "7"]
[White "Chesswizard_2007"]
[Black "Eternauta2400"]
[Result "0-1"]
[WhiteElo "2655"]
[BlackElo "2485"]
[TimeControl "180+1"]
[EndTime "11:17:24 PST"]
[Termination "Eternauta2400 won by checkmate"]

1. d4 Nf6 2. c4 c5 3. d5 e6 4. Nc3 exd5 5. cxd5 d6 6. e4 g6 7. f4 Bg7 8. Bb5+ Nfd7 9. a4 a6 10.
Bc4 Qh4+ 11. g3 Qe7 12. Nf3 O-O 13. O-O Nb6 14. Bd3 Bg4 15. a5 Nc8 16. Kg2 Nd7 17.
h3 Bxf3+ 18. Qxf3 b5 19. axb6 Ncxb6 20. h4 c4 21. Bc2 Nc5 22. h5 Nbd7 23. Qe2 Nd3 24.
Bxd3 cxd3 25. Qxd3 Nc5 26. Qf3 Bxc3 27. bxc3 Qxe4 28. Be3 Rfc8 29. Rfb1 a5 30. Rb6 Qc2+ 31. Qf2 Qxc3 32. hxg6 Qxa1 33. gxf7+ Kxf7 34. Qf3 Kg8 35. Rxd6 Nd3 36. Qg4+ Qg7 37. Qf5 Ne1+ 38. Kf1 Nc2 39. Bf2 Nd4 40. Qh3 Rab8 41. Rd7 Qg6 42. Bxd4 Qd3+ 43. Kg1 Qxd4+ 44. Kh1 Qe4+ 45. Kg1 Rc1+ 46.
Kf2 Rb2# 0-1

[Event "*** Titled Tuesday Blitz"]
[Site "Chess.com"]
[Date "2020.12.29"]
[Round "7"]
[White "NateSolon"]
[Black "northridgehawk"]
[Result "1-0"]
[WhiteElo "2502"]
[BlackElo "2327"]
[TimeControl "180+1"]
[EndTime "11:17:24 PST"]
[Termination "NateSolon won by resignation"]

1. d4 Nf6 2. c4 g6 3. Nc3 d5 4.
Bf4 Bg7 5. e3 O-O 6. Rc1 Be6 7.
c5 c6 8. Bd3 Bc8 9. Bg3 b6 10.
Na4 Nfd7 11. a3 e5 12. dxe5 Nxe5 13. Ne2 Nxd3+ 14. Qxd3 Nd7 15. Nd4 Bb7 16. O-O Ne5 17. Qb3 b5 18. Rfd1 Qe7 19. Nc3 a5 20. Ncxb5 cxb5 21. c6 Ba6 22. Qxd5 Rad8 23. Qc5 Qxc5 24. Rxc5 Nc4 25. c7 Rd7 26. Rc1 Rc8 27. Nxb5 Nxb2 28.
Nd6 Nd3 29. Nxc8 Nxc5 30. Nb6 Rd2 31. h4 Bf8 32. c8=Q Bxc8 33. Nxc8 Ne4 34. Bf4 Kg7 35. f3 Ng3 36. Bxg3 Rd3 37. Bf4 f6 38. Nb6 Rxa3 39.
Rc7+ Kg8 40. Nd7 Be7 41. Nb6 Kf7 42. Nd5 Ke6 43. Nxe7 Ra1+ 44. Kh2 a4 45. Nc6 a3 46. Nd4+ Kd5 47. Ra7 a2 48. Kg3 h6 49. Nb3 g5 50.
Nxa1 1-0

[Event "*** Titled Tuesday Blitz"]
[Site "Chess.com"]
[Date "2020.12.29"]
[Round "7"]
[White "PavelChernomordik"]
[Black "pedromartinez91"]
[Result "1-0"]
[WhiteElo "2311"]
[BlackElo "2478"]
[TimeControl "180+1"]
[EndTime "11:17:24 PST"]
[Termination "PavelChernomordik won by checkmate"]

1. e4 c5 2. Nc3 Nc6 3. Bb5 g6 4. Bxc6 bxc6 5. f4 Bg7 6. Nf3 d6 7. O-O Nh6 8. h3 O-O 9. d3 f5 10. Qe1 Nf7 11. Be3 Rb8 12. Rb1 Bd7 13. Qg3 e5 14.
exf5 Bxf5 15. Nh4 exf4 16. Bxf4 Be6 17. Rbe1 Qd7 18. Nd1 Ne5 19. Nf3 Nxf3+ 20. Rxf3 Bd5 21. Rff1 Rbd8 22. c3 Rfe8 23. Ne3 Bxa2 24. Ng4 Rxe1 25. Rxe1 Be6 26. Bg5 Rf8 27. Nf2 c4 28. d4 Bd5 29.
Re7 Qf5 30. Rxa7 c5 31. Ng4 cxd4 32. Nh6+ Bxh6 33. Bxh6 Rf7 34. Rxf7 Kxf7 35. cxd4 Ke6 36. Bf4 Qe4 37. Qe3 Qxe3+ 38. Bxe3 Be4 39. Bf4 d5 40. Kf2 Kd7 41. Ke3 Kc6 42. Kd2 Bxg2 43.
h4 Kd7 44. Kc3 Ke6 45. Kd2 Kf5 46. Ke3 Kg4 47. Bg5 h6 48. Bxh6 Kxh4 49. Kf4 Kh5 50.
Bg5 Be4 51. Bf6 Kh6 52. Bg5+ Kg7 53. Ke5 Kf7 54. Kd6 Bf5 55. Kxd5 Be6+ 56. Ke5 Bf5 57.
d5 Ke8 58. Kd6 Bd7 59. Kc5 c3 60. bxc3 Bc8 61. c4 Kd7 62. Kb6 Kd6 63. Bf4+ Ke7 64. Kc7 Ba6 65. c5 Bb5 66. c6 g5 67. Bxg5+ Kf7 68. d6 Bxc6 69. Kxc6 Kg7 70. d7 Kh7 71. d8=Q Kg6 72. Qf6+ Kh7 73. Qf7+ Kh8 74. Bf6# 1-0

[Event "*** Titled Tuesday Blitz"]
[Site "Chess.com"]
[Date "2020.12.29"]
[Round "7"]
[White "winniethepooh04"]
[Black "Koalaskakistis"]
[Result "0-1"]
[WhiteElo "2228"]
[BlackElo "2372"]
[TimeControl "180+1"]
[EndTime "11:17:24 PST"]
[Termination "Koalaskakistis won on time"]

1. e4 e6 2. d4 d5 3. Nd2 Be7 4. Ngf3 Bd7 5. exd5 exd5 6. Bd3 Nf6 7. O-O O-O 8. h3 c6 9. Ne5 a5 10. c4 Na6 11. c5 Nc7 12. Bb1 Ne6 13. Ndf3 Ne4 14. Bxe4 dxe4 15. d5 exf3 16. dxe6 Bxe6 17. Qxf3 Bxc5 18.
Be3 Be7 19. Rfd1 Bd5 20. Qg4 Qc8 21. Qg3 Qe6 22. Bd4 f6 23. Ng4 Bd6 24. Qc3 Bb4 25.
Qg3 Kh8 26. a3 Bd6 27. Qh4 Rae8 28. f3 Kg8 29. Bf2 g5 30. Qh6 Qf5 31. Re1 Rxe1+ 32. Rxe1 Qg6 33. Bd4 Qxh6 34. Nxh6+ Kh8 35. Nf5 Bc7 36.
Bc5 Rg8 37. Re7 Bd8 38. Rf7 Bxf7 39. Nd6 Kg7 40. Nxb7 Bc7 41. Ba7 Bd5 42. Nc5 Ra8 0-1

[Event "*** Titled Tuesday Blitz"]
[Site "Chess.com"]
[Date "2020.12.29"]
[Round "7"]
[White "Nadtkins"]
[Black "AniJak"]
[Result "1-0"]
[WhiteElo "2521"]
[BlackElo "2345"]
[TimeControl "180+1"]
[EndTime "11:17:25 PST"]
[Termination "Nadtkins won on time"]

1. c4 e5 2. Nc3 Nc6 3. Nf3 g6 4. d4 exd4 5. Nd5 h6 6. Nxd4 Bg7 7. Nb5 Be5 8. Bf4 Bxf4 9. Nxf4 a6 10. Nc3 Nge7 11.
e3 d6 12. Bd3 Ne5 13. Be2 O-O 14. O-O Be6 15. Ncd5 Kg7 16. Rc1 c6 17. Nxe6+ fxe6 18. Nf4 Qd7 19. Qc2 b5 20. Rfd1 bxc4 21. Bxc4 Rf6 22. Qb3 Nd5 23. Bxd5 exd5 24. Qa4 Qg4 25. Qb3 Raf8 26. h3 Qg5 27. Kh2 Rxf4 28. exf4 Qxf4+ 29. Qg3 Qxf2 30. Qxf2 Rxf2 31. Rb1 Re2 32. b4 Nc4 33.
Kg3 Rxa2 34. Re1 Ra3+ 35. Kh2 Kf6 36. Rf1+ Kg7 37. Rbe1 Ne5 38. Ra1 Rb3 39. Rxa6 h5 40. Ra4 Rb2 41. h4 d4 42. b5 c5 43. Ra7+ Kh6 44.
Rf8 g5 45. Rf6+ Ng6 46. Rxd6 d3 47. Rxd3 1-0

[Event "*** Titled Tuesday Blitz"]
[Site "Chess.com"]
[Date "2020.12.29"]
[Round "7"]
[White "Chernov_Alexander_A"]
[Black "frenchpin"]
[Result "0-1"]
[WhiteElo "2313"]
[BlackElo "2465"]
[TimeControl "180+1"]
[EndTime "11:17:25 PST"]
[Termination "frenchpin won on time"]

1. d4 e6 2. Nf3 Nf6 3. c4 d5 4.
Nc3 dxc4 5. e3 a6 6. Bxc4 b5 7. Bd3 Bb7 8. O-O Nbd7 9. Qe2 c5 10. Rd1 Qb6 11. a4 c4 12. Bb1 b4 13. a5 Qc7 14.
Na4 Bd6 15. Nb6 Nxb6 16. axb6 Qc6 17. Bd2 O-O 18. Rc1 Rfc8 19. Be1 a5 20. Qf1 a4 21. Bd3 Ba6 22. Be2 Bb5 23. Nd2 Qxb6 24. Nxc4 Qa6 25. b3 a3 26. Ra2 Be7 27. h3 h6 28. f3 Rc7 29. e4 Rac8 30. Bf2 Nh5 31. g3 Nf6 32.
Kg2 Nd7 33. h4 Kh7 34. Bd3 Kg8 35. h5 Nb6 36. Rac2 Nxc4 37. Bxc4 Bxc4 38. Rxc4 Rxc4 39.
Rxc4 Rxc4 40. bxc4 b3 41. d5 b2 42. Qd3 Qb7 0-1

[Event "*** Titled Tuesday Blitz"]
[Site "Chess.com"]
[Date "2020.12.29"]
[Round "7"]
[White "MikhailSher"]
[Black "Schack-Hugo"]
[Result "0-1"]
[WhiteElo "2247"]
[BlackElo "2173"]
[TimeControl "180+1"]
[EndTime "11:17:25 PST"]
[Termination "Schack-Hugo won by checkmate"]

1. d4 d5 2. Bf4 Nf6 3. e3 c5 4.
c3 Nc6 5. Nd2 Qb6 6. Qb3 c4 7.
Qc2 g6 8. Ngf3 Bf5 9. Qc1 Nh5 10. Bg5 h6 11. Bh4 g5 12. Bg3 Nxg3 13. hxg3 Bg7 14. Be2 e5 15. dxe5 Nxe5 16. Nxe5 Bxe5 17. Nf3 Bg7 18. Nd4 Bxd4 19. exd4 O-O-O 20. O-O Rde8 21. Bh5 Bg6 22. Bf3 Qd6 23. Qd2 Re6 24. Rfe1 Rhe8 25.
Rxe6 Qxe6 26. Rd1 g4 27. Bxd5 Qxd5 28. Qxh6 Qh5 29. Qf4 Rh8 30. Kf1 Bd3+ 31. Ke1 Re8+ 32. Kd2 Re2+ 33. Kc1 Rc2+ 34. Kb1 Rxf2+ 35. Kc1 Rxf4 36.
gxf4 Qh2 37. Rd2 Qg1+ 38. Rd1 Qe3+ 39. Rd2 Qxf4 40. b3 Qe3 41. bxc4 Qe1+ 42. Kb2 Qxd2+ 43.
Kb3 Qc2+ 44. Kb4 Qb2+ 45. Kc5 Qb6+ 46. Kd5 Qe6+ 47. Kc5 Qc6+ 48. Kb4 Qb6+ 49. Ka3 Bxc4 50. d5 Qc5+ 51. Ka4 Qb5+ 52. Ka3 Qa5+ 53. Kb2 Qxa2+ 54. Kc1 Bb3 55. d6 Qc2# 0-1

[Event "*** Titled Tuesday Blitz"]
[Site "Chess.com"]
[Date "2020.12.29"]
[Round "7"]
[White "anon481216"]
[Black "Matols"]
[Result "0-1"]
[WhiteElo "2396"]
[BlackElo "2276"]
[TimeControl "180+1"]
[EndTime "11:17:26 PST"]
[Termination "Matols won on time"]

1. d4 Nf6 2. c4 e6 3. Nf3 b6 4. a3 Bb7 5. Nc3 d5 6. cxd5 Nxd5 7.
Qc2 Be7 8. e4 Nxc3 9. bxc3 O-O 10. Bd3 c5 11. O-O cxd4 12. cxd4 Nd7 13. Bf4 Rc8 14.
Qa4 Nf6 15. Rfe1 a6 16. Rad1 b5 17. Qb3 Qb6 18. a4 b4 19. Ne5 Rc3 20. Qb1 Rfc8 21. Bd2 R3c7 22. Be3 a5 23. Rc1 Rxc1 24. Rxc1 Rxc1+ 25. Qxc1 Nxe4 26. Bxe4 Bxe4 27. d5 Qd8 28. Nc6 Qe8 29.
Nxe7+ Qxe7 30. Bc5 Qd7 31. d6 h6 32. Qd1 Bc6 33. Bb6 Bxa4 34. Qd4 Qc6 35. h3 b3 36.
Bxa5 Bb5 37. Bc3 f6 38. Kh2 Kf7 39. f4 Ba6 40. Bb4 Bb7 41. Qd2 Qd5 42. Qxd5 Bxd5 43. d7 b2 44. d8=Q b1=Q 45. Qf8+ Kg6 46. Qe8+ Kh7 47.
Bf8 Qe4 0-1

[Event "*** Titled Tuesday Blitz"]
[Site "Chess.com"]
[Date "2020.12.29"]
[Round "7"]
[White "sergiochess83"]
[Black "crescentmoon2411"]
[Result "1/2-1/2"]
[WhiteElo "2811"]
[BlackElo "2894"]
[TimeControl "180+1"]
[EndTime "11:17:28 PST"]
[Termination "Game drawn by repetition"]

1. e4 e5 2. Nf3 Nc6 3. Bb5 Nf6 4. d3 Bc5 5. Bxc6 dxc6 6. O-O Qe7 7. Nbd2 Bg4 8. h3 Bh5 9. a3 Nd7 10. b4 Bd6 11.
Nc4 f6 12. Rb1 a6 13. Bd2 Nf8 14. Ne3 Ne6 15. Nf5 Qf7 16. a4 Bxf3 17. Qxf3 g6 18.
Nxd6+ cxd6 19. c3 f5 20. exf5 Qxf5 21. Qxf5 gxf5 22. f4 exf4 23. Bxf4 Nxf4 24. Rxf4 O-O 25. Rbf1 a5 26. b5 cxb5 27. axb5 a4 28. Rxf5 Rxf5 29. Rxf5 a3 30. Rf1 Rc8 31. c4 d5 32. Ra1 dxc4 33. dxc4 Rxc4 34. Rxa3 Rc5 35. Rb3 b6 36. Kf2 Kg7 37. Ke3 h5 38. g3 Kg6 39. Ke4 Kh6 40. Kd4 Kg6 41. Ke4 Kh6 42. Kf4 Kg6 43. Rb4 Rf5+ 44. Ke4 Rc5 45. h4 Kf6 46. Rd4 Re5+ 47. Kf4 Rf5+ 48. Ke4 Re5+ 49. Kf4 Rf5+ 50.
Ke4 Re5+ 1/2-1/2

[Event "*** Titled Tuesday Blitz"]
[Site "Chess.com"]
[Date "2020.12.29"]
[Round "7"]
[White "BeanScreen"]
[Black "Ural_bogatyr"]
[Result "0-1"]
[WhiteElo "2635"]
[BlackElo "2477"]
[TimeControl "180+1"]
[EndTime "11:17:29 PST"]
[Termination "Ural_bogatyr won by checkmate"]

1. e4 e5 2. Nf3 Nc6 3. Bc4 Nf6 4. d3 h6 5. Nbd2 d6 6. a4 g5 7. h3 Bg7 8. Nf1 Be6 9. Bxe6 fxe6 10. Ng3 Qd7 11. Be3 d5 12. c3 O-O 13. O-O Rad8 14. Re1 b6 15. b4 Qf7 16. a5 dxe4 17. Nxe4 Nxe4 18. Qa4 Rxd3 19. Qxc6 Nxc3 20. axb6 axb6 21. Ra7 Nd5 22. Bd2 Qf5 23. Qc4 b5 24. Qe4 Qxe4 25. Rxe4 Rfxf3 26. gxf3 Rxd2 27. h4 Kf7 28. Rb7 Kg6 29. Rg4 Rd4 30. hxg5 hxg5 31. Rxb5 Kf5 32. Rb7 Rxg4+ 33. fxg4+ Kxg4 34. b5 e4 35. b6 Nxb6 36. Rxc7 Bd4 37. Rc6 Kf5 38. Kf1 Nd5 39. Ra6 g4 40.
Ra8 e3 41. fxe3 Nxe3+ 42. Ke2 e5 43. Rf8+ Ke4 44. Kf2 Nf5+ 45. Kg2 Kf4 46. Kh2 e4 47. Kg2 e3 48. Re8 Be5 49. Ra8 Nd4 50. Rf8+ Ke4 51.
Kf1 Kd3 52. Rg8 e2+ 53. Kf2 Bg3+ 54. Kg2 e1=Q 55. Rxg4 Qf2+ 56. Kh3 Qh2# 0-1

[Event "*** Titled Tuesday Blitz"]
[Site "Chess.com"]
[Date "2020.12.29"]
[Round "7"]
[White "Margency"]
[Black "GM4life"]
[Result "0-1"]
[WhiteElo "2586"]
[BlackElo "2445"]
[TimeControl "180+1"]
[EndTime "11:17:29 PST"]
[Termination "GM4life won by checkmate"]

1. e4 c5 2. Nf3 d6 3. d4 cxd4 4.
Nxd4 Nf6 5. Nc3 a6 6. Be3 e5 7.
Nb3 Be7 8. f3 Be6 9. Qd2 O-O 10.
O-O-O Nbd7 11. g4 b5 12. Rg1 b4 13. Nd5 Bxd5 14. exd5 a5 15. g5 Nh5 16. Kb1 Qb8 17. Rg4 Bd8 18. Rh4 g6 19. Bh3 Nb6 20.
Re4 Qb7 21. Bg4 Ng7 22. h4 Nf5 23. Bf2 a4 24. Nc1 a3 25. b3 Ra5 26. Bxb6 Bxb6 27. Bxf5 gxf5 28. Rxb4 Qa6 29. Qd3 Qxd3 30. Nxd3 Be3 31.
c4 Re8 32. Rb7 e4 33. fxe4 fxe4 34. Nb4 Bf2 35. Nc6 Raa8 36. Nd4 Bxd4 37. Rxd4 e3 38. Rd1 e2 39. Re1 Re3 40. Kc2 Rae8 41. Rd7 R8e4 42.
Rxd6 Rxh4 43. c5 Rd4 44. c6 Rdd3 45. Rd8+ Kg7 46. Rd7 Kg6 47. c7 Rc3+ 48. Kb1 Red3 49. Rd6+ Kxg5 50. Rxe2 Rd1# 0-1

[Event "*** Titled Tuesday Blitz"]
[Site "Chess.com"]
[Date "2020.12.29"]
[Round "7"]
[White "LilRag"]
[Black "alexrustemov"]
[Result "0-1"]
[WhiteElo "2483"]
[BlackElo "2676"]
[TimeControl "180+1"]
[EndTime "11:17:31 PST"]
[Termination "alexrustemov won by resignation"]

1. c4 g6 2. Nc3 Bg7 3. Nf3 c5 4. d4 cxd4 5. Nxd4 Nc6 6. Nc2 Bxc3+ 7. bxc3 Qa5 8. Bd2 Nf6 9. Nb4 d6 10. g3 Ne5 11. e3 Bg4 12. Be2 Bxe2 13. Qxe2 Qc5 14.
O-O Qxc4 15. Rfe1 Qxe2 16. Rxe2 Rc8 17. Rb1 Nf3+ 18. Kg2 Nxd2 19. Rxd2 Rxc3 20. Nd5 Nxd5 21. Rxd5 Rc7 22. Ra5 a6 23. Rxa6 bxa6 24. Rb8+ Kd7 25. Rxh8 h5 26. Ra8 Rc6 27. Kf3 d5 28. h3 e5 29. g4 hxg4+ 30. hxg4 g5 31. Rg8 f6 32. Ra8 Kc7 33. Kg3 Kb6 34. Kf3 Kb5 35. Rd8 Kc4 36. Rd7 Re6 37. Rc7+ Kb4 38. Rc2 Rd6 39. Ke2 a5 40.
Kd3 a4 41. f3 Ka3 42. Ke2 Rb6 43. Kd3 Rd6 44. Ke2 d4 45. Kd3 dxe3+ 46. Kxe3 Rb6 47. Ke4 Rb4+ 48. Ke3 Rb2 49. Rc6 Kxa2 50. Rxf6 a3 51. Ra6 Rb4 52. Ra5 Kb3 53. Kd2 a2 54. Kc1 Rc4+ 55.
Kd2 Ra4 0-1